 Dungeon Crawl Stone Soup version 0.24-a0-536-gdd4cf15266 (webtiles) character file.

Game seed: 812615682811667903

32 Mithandil the Conjurer (level 3, -2/20 HPs)
             Began as a Tengu Conjurer on Aug 11, 2019.
             Slain by a gnoll
             ... wielding a +0 whip
              (9 damage)
             ... on level 2 of the Dungeon.
             The game lasted 00:05:38 (983 turns).

Mithandil the Conjurer (Tengu Conjurer)              Turns: 983, Time: 00:05:38

Health: -2/20      AC:  3    Str:  9    XL:     3   Next: 27%
Magic:  4/7        EV: 12    Int: 15    God:
Gold:   36         SH:  0    Dex: 14    Spells: 3/6 levels left

rFire    . . .     SeeInvis .   a - +1 hand axe (freeze)
rCold    . . .     Gourm    .   (no shield)
rNeg     . . .     Faith    .   k - +0 leather armour
rPois    .         Spirit   .   (helmet restricted)
rElec    .         Reflect  .   (no cloak)
rCorr    .         Harm     .   (no gloves)
MR       .....                  (boots unavailable)
Stlth    ++........             (no amulet)
HPRegen  0.06/turn              (no ring)
MPRegen  0.10/turn              (no ring)

@: no status effects
A: beak, talons 3
a: no special abilities


You were on level 2 of the Dungeon.
You were hungry.

You visited 1 branch of the dungeon, and saw 2 of its levels.

You collected 36 gold pieces.

Inventory:

Hand Weapons
 a - a +1 hand axe of freezing (weapon)
 b - a +0 spear
 f - a +0 hunting sling
Missiles
 d - 27 stones (quivered)
 h - 16 arrows
Armour
 i - a +0 large shield
 k - a +0 leather armour (worn)
Wands
 n - a wand of flame (23)
Scrolls
 e - a scroll of blinking {unknown}
 g - a scroll of identify {unknown}
 l - a scroll of teleportation {unknown}
Potions
 j - 3 potions of curing {unknown}
Comestibles
 c - 5 rations
 m - 4 chunks of flesh


   Skills:
 + Level 0.6 Fighting
 + Level 2.4 Dodging
 + Level 2.3 Stealth
 * Level 0.0 Shields
 * Level 2.4 Spellcasting
 * Level 5.8 Conjurations


You had 3 spell levels left.
You knew the following spells:

 Your Spells              Type           Power        Failure   Level  Hunger
a - Magic Dart            Conj           ###.         2%          1    #......
b - Searing Ray           Conj           ###...       4%          2    ###....

Your spell library contained the following spells:

 Spells                   Type           Power        Failure   Level  Hunger
 Dazzling Spray           Conj/Hex       ##....       26%         3    ###....
 Iskenderun's Mystic Bla  Conj           ###.....     26%         4    #####..
 Force Lance              Conj/Tloc      ##......     65%         4    #####..
 Fulminant Prism          Conj/Hex       ##........   65%         4    #####..


Dungeon Overview and Level Annotations

Branches:
Dungeon (2/15)

Altars:


Innate Abilities, Weirdness & Mutations

You have a beak for a mouth.
You have claws for feet.


Message History

The magic dart hits the gnoll.
The gnoll is heavily wounded.
Casting: Magic Dart (safe; 2% risk of failure)
Confirm with . or Enter, or press ? or * to list all spells.
Aiming: Magic Dart (safe; 2% risk of failure)
Press: ? - help, Shift-Dir - straight line, f/p - gnoll
Aim: a gnoll, wielding a +0 spear (heavily wounded)
The magic dart hits the gnoll.
The gnoll is severely wounded.
The gnoll hits you from afar with a +0 spear!
A gnoll comes into view. It is wielding a +0 halberd.
The dart slug launches a dart at you. The slug dart misses you.
Something unseen opens the door.
A giant cockroach comes into view.
Found 12 stones.
The gnoll closely misses you.
The gnoll hits you from afar with a +0 spear.
The gnoll hits you with a +0 whip!
You die...

#<..............# #
#.##.######.#####
#.#.....#####.#
#.#...........#
#.......÷..#..####
#..........'.....#
#.......)..#.....# .
+..........#.....#
..###.........@#.....###
..............g.........
.....<†.......g#.....####
...........w.........#
........########.....#
.g......# #.s...#
.......w# #...###
........# ......
g.......# .......


You could see 2 gnolls, a dart slug and a giant cockroach.

Vanquished Creatures
  A gnoll (D:1)
  2 leopard geckos (D:1)
  A ball python (D:1)
  4 bats
  A giant cockroach (D:2)
  2 hobgoblins (D:1)
  A kobold (D:1)
  A quokka (D:2)
  2 frilled lizards (D:1)
  7 rats (D:1)
22 creatures vanquished.

Notes
Turn   | Place    | Note
-------+----------+-------------------------------------------
     0 | D:1      | Mithandil the Tengu Conjurer began the quest for the Orb.
     0 | D:1      | Reached XP level 1. HP: 10/10 MP: 4/4
   187 | D:1      | Reached XP level 2. HP: 9/15 MP: 0/6
   458 | D:1      | Reached XP level 3. HP: 15/20 MP: 1/7
   939 | D:2      | Learned a level 2 spell: Searing Ray
   983 | D:2      | Slain by a gnoll

Levels and vault maps discovered:
D:1:      dpeg_arrival_triangle_fractal, layout_basic, serial_park_tiny_2,
          minmay_pentomino_s2
D:2:      layout_basic, minmay_joined_circles

Action                   || total
-------------------------++-------
Melee: Unarmed           ||     7
       Kick              ||     2
       Short sword       ||     6
       Peck              ||     2
       Hand axe          ||     2
 Cast: Magic Dart        ||    37
 Stab: Sleeping          ||     1
Armor: Robe              ||     4
       Leather armour    ||     1
Dodge: Dodged            ||    21

Table legend:
 A = Non-vault XP
 B = Vault XP
 C = Vault XP percentage of total XP
 D = Non-vault monster count
 E = Vault monster count
 F = Vault count percentage of total count
                 A         B        C        D         E       F
            +---------+---------+-------+---------+---------+-------
      Total |      43 |       4 |   8.5 |      20 |       2 |   9.1
            +---------+---------+-------+---------+---------+-------
        D:1 |      38 |       4 |   9.5 |      17 |       2 |  10.5
        D:2 |       5 |       0 |   0.0 |       3 |       0 |   0.0
            +---------+---------+-------+---------+---------+-------
